 Dungeon Crawl Stone Soup version 0.19.5 (webtiles) character file.

35 tidbits the Magician (level 3, 23/24 HPs)
             Began as a High Elf Wanderer on Nov 6, 2017.
             Quit the game on level 1 of the Dungeon.
             The game lasted 00:04:42 (514 turns).

tidbits the Magician (High Elf Wanderer)             Turns: 514, Time: 00:04:42

Health: 23/24      AC:  2    Str: 11    XL:     3   Next: 17%
Magic:  8/8        EV: 12    Int: 17    God:
Gold:   37         SH:  0    Dex: 14    Spells: 1 memorised, 6 levels left

rFire  . . .     SeeInvis .     b - +0 hunting sling
rCold  . . .     Gourm    .     B - +0 robe
rNeg   . . .     Faith    .     (no shield)
rPois  .         Spirit   .     (no helmet)
rElec  .         Reflect  .     (no cloak)
rCorr  .         Harm     .     (no gloves)
MR     .....                    (no boots)
Stlth  ++........               (no amulet)
                                (no ring)
                                (no ring)

@: no status effects
A: no striking features
a: no special abilities


You were on level 1 of the Dungeon.
You were not hungry.

You visited 1 branch of the dungeon, and saw 3 of its levels.

You collected 37 gold pieces.

Inventory:

Hand Weapons
 a - a +0 quarterstaff
 b - a +0 hunting sling (weapon)
   (You took it off a goblin on level 2 of the Dungeon)
Missiles
 g - 12 stones (quivered)
 j - 4 tomahawks
Armour
 d - a +0 ring mail
   (You found it on level 1 of the Dungeon)
 B - a +0 robe (worn)
Scrolls
 h - a scroll of immolation {unknown}
 i - 2 scrolls of identify {unknown}
 k - a scroll of fog {unknown}
 l - a scroll of remove curse {unknown}
 m - 2 scrolls of fear {unknown}
 n - a scroll of blinking {unknown}
Potions
 c - 2 potions of curing
 o - a potion of magic {unknown}
Books
 e - a book of Frost

   Spells                             Type                      Level
   a - Freeze                         Ice                          1
   b - Throw Frost                    Conjuration/Ice              2
   c - Ozocubu's Armour               Charms/Ice                   3
   d - Throw Icicle                   Conjuration/Ice              4
   e - Summon Ice Beast               Ice/Summoning                4
Comestibles
 f - a bread ration


   Skills:
 - Level 2.0 Fighting
 - Level 2.0 Staves
 - Level 1.1 Dodging
 - Level 1.1 Stealth
 + Level 2.8 Spellcasting
 * Level 2.8 Ice Magic
   Level 1.0 Evocations


You had 6 spell levels left.
You knew the following spells:

 Your Spells              Type           Power        Failure   Level  Hunger
f - Freeze                Ice            ##..         6%          1    #......


Dungeon Overview and Level Annotations

Branches:
Dungeon (3/15)

Altars:
Dithmenos


Message History

a stone; a frilled lizard corpse
Things that are here:
a dagger; 5 stones; a kobold corpse
g - 16 stones (gained 5)
Things that are here:
a stone; a frilled lizard corpse
Press: ? - help, v - describe, . - travel, g - get item A stone.
There is something else lying underneath.
The floor.
You see here a stone.
Press: ? - help, v - describe, . - travel, g - get item A stone.
The floor.
Found 4 tomahawks and a scroll labeled DUIXZO IZXAPH.
You see here 4 tomahawks.
j - 4 tomahawks You see here a scroll labeled DUIXZO IZXAPH.
k - a scroll labeled DUIXZO IZXAPH
Found a scroll labeled SARIAT GITZE.
You see here a scroll labeled SARIAT GITZE.
l - a scroll labeled SARIAT GITZE You open the door.
Found three items.
Found 8 gold pieces and a robe.
There is an open door here.
You see here a scroll labeled PULYRAIMICK.
m - a scroll labeled PULYRAIMICK You see here a scroll labeled CUHAOMUUSU.
n - a scroll labeled CUHAOMUUSU You see here 8 gold pieces.
You now have 37 gold pieces (gained 8).
A bat comes into view.
Found an inky potion and a scroll labeled PULYRAIMICK.
The bat barely misses you.
Casting: Freeze
Confirm with . or Enter, or press ? or * to list all spells.
Aiming: Freeze
Press: ? - help, Shift-Dir - straight line, f - bat
Aim: a bat You freeze the bat.
You kill the bat!
You see here an inky potion.
o - an inky potion
Found a potion of curing.
You see here a potion of curing.
c - 2 potions of curing (gained 1)
Found a club.
You see here a club.
You see here a scroll labeled PULYRAIMICK.
m - 2 scrolls labeled PULYRAIMICK (gained 1)
A goblin comes into view.
Firing (i - inventory. (,) - cycle):
g - 16 stones (quivered)
Press: ? - help, Shift-Dir - straight line, f - goblin
Aim: a goblin You shoot a stone.
The stone closely misses the goblin.
Firing (i - inventory. (,) - cycle):
g - 15 stones (quivered)
Press: ? - help, Shift-Dir - straight line, f/p - goblin
Aim: a goblin You shoot a stone.
The stone hits the goblin.
The goblin is heavily wounded.
Firing (i - inventory. (,) - cycle):
g - 14 stones (quivered)
Press: ? - help, Shift-Dir - straight line, f/p - goblin
Aim: a goblin (heavily wounded)
You shoot a stone. The stone hits the goblin.
You kill the goblin!
You see here a stone.
You see here a stone.
You see here a stone.
A hobgoblin comes into view.
Firing (i - inventory. (,) - cycle):
g - 13 stones (quivered)
Press: ? - help, Shift-Dir - straight line, f - hobgoblin
Aim: a hobgoblin (resting)
You shoot a stone.
The stone hits the hobgoblin but does no damage.
The hobgoblin hits you but does no damage.
Firing (i - inventory. (,) - cycle):
g - 12 stones (quivered)
Press: ? - help, Shift-Dir - straight line, f/p - hobgoblin
Aim: a hobgoblin You shoot a stone.
The stone hits the hobgoblin.
The hobgoblin is heavily wounded.
The hobgoblin barely misses you.
Firing (i - inventory. (,) - cycle):
g - 11 stones (quivered)
Press: ? - help, Shift-Dir - straight line, f/p - hobgoblin
Aim: a hobgoblin (heavily wounded)
You shoot a stone.
The stone completely misses the hobgoblin.
The hobgoblin hits you.
Casting: Freeze
Confirm with . or Enter, or press ? or * to list all spells.
Aiming: Freeze
Press: ? - help, Shift-Dir - straight line, f/p - hobgoblin
Aim: a hobgoblin (heavily wounded)
You freeze the hobgoblin.
You kill the hobgoblin!
Things that are here:
2 stones; a hobgoblin corpse
g - 12 stones (gained 2)
You see here a stone.
Are you sure you want to abandon this character and quit the game? (Confirm with "yes".)

##################
................@#
##################
#.........# #.#######.#
#.#######.# #.......#.#
#######.#.# ####
#############.#.# .....
##.(((.......#.#.####......


There were no monsters in sight!

Vanquished Creatures
  An adder (D:2)
  A dart slug (D:2)
  3 leopard geckos
  2 bats
  3 goblins
  4 hobgoblins
  A kobold (D:1)
  3 frilled lizards
  3 rats (D:2)
21 creatures vanquished.

Notes
Turn   | Place    | Note
-------+----------+-------------------------------------------
     0 | D:1      | tidbits the High Elf Wanderer began the quest for the Orb.
     0 | D:1      | tidbits set off with: a book of Frost, a +0 quarterstaff, a potion of curing, a +0 robe, a bread ration
     0 | D:1      | Reached XP level 1. HP: 14/14 MP: 4/4
    55 | D:2      | Learned a level 1 spell: Freeze
    86 | D:2      | Found a shadowy altar of Dithmenos.
   136 | D:2      | Reached XP level 2. HP: 14/19 MP: 1/6
   176 | D:2      | Reached skill level 2 in Ice Magic
   276 | D:1      | Reached XP level 3. HP: 16/24 MP: 4/8
   514 | D:1      | Quit the game

Skill      XL: |  1  2 |
---------------+-------+-----
Ice Magic      | 2 |  2.8
Fighting       | |  2.0
Staves         | |  2.0
Dodging        | |  1.1
Stealth        | |  1.1
Spellcasting   | |  2.8
Evocations     | |  1.0

Action                   || total
-------------------------++-------
Melee: Quarterstaff      ||     1
 Fire: Hunting sling     ||    27
 Cast: Freeze            ||    14
Armor: Robe              ||     4
Dodge: Dodged            ||    15

Table legend:
 A = Turns spent in this place as a percentage of turns spent in the entire game.
 B = Non-inter-level travel turns spent in this place as a percentage of non-inter-level travel turns spent in the entire game.
 C = Inter-level travel turns spent in this place as a percentage of turns spent in this place.
 D = Turns resting spent in this place as a percentage of non-inter-level travel turns spent in this place.
 E = Turns spent auto-exploring this place as a percentage of non-inter-level travel turns spent in this place.
 F = Non-inter-level travel turns spent in this place divided by the number of levels of this place that you've seen.
                   A       B       C       D       E      F
               +-------+-------+-------+-------+-------+----------------------
         Total | 100.0 | 100.0 |   0.0 |   0.0 |   0.0 | 139.0
       Dungeon | 100.0 | 100.0 |   0.0 |   0.0 |   0.0 | 139.0
               +-------+-------+-------+-------+-------+----------------------

Table legend:
 A = Kills in this place as a percentage of kills in entire the game.
 B = Kills by you in this place as a percentage of kills by you in the entire game.
 C = Kills by friends in this place as a percentage of kills by friends in the entire game.
 D = Other kills in this place as a percentage of other kills in the entire game.
 E = Experience gained in this place as a percentage of experience gained in the entire game.
 F = Experience gained in this place divided by the number of levels of this place that you have seen.
                   A       B       C       D       E      F
               +-------+-------+-------+-------+-------+----------------------
         Total | 100.0 | 100.0 |  -nan |  -nan | 100.0 |  17.0
       Dungeon | 100.0 | 100.0 |  -nan |  -nan | 100.0 |  17.0
               +-------+-------+-------+-------+-------+----------------------

Vault maps used:
D:1:      minmay_arrival_stone_box
D:2:      kennysheep_slug_shrine, nicolae_dithmenos_shadow_blocks
D:3:      wad_lake_hut, first_bread
